 Dungeon Crawl Stone Soup version 0.26.0-57-g60708a5e39 (webtiles) character file.

Game seed: 2776019592574316529

168 kreisler the Shield-Bearer (level 5, -9/41 HPs)
             Began as a Human Fighter on Feb 1, 2021.
             Shot with an arrow by a centaur (10 damage)
             ... on level 6 of the Dungeon.
             The game lasted 00:05:33 (1951 turns).

kreisler the Shield-Bearer (Human Fighter)          Turns: 1951, Time: 00:05:34

Health: -9/41      AC:  7    Str: 17 (18) XL:     5   Next: 78%
Magic:  5/5        EV:  7    Int:  8      God:
Gold:   112        SH: 11    Dex: 12      Spells: 4/4 levels left

rFire    . . .     SeeInvis .   a - +1 flail
rCold    . . .     Faith    .   j - +2 kite shield
rNeg     . . .     Spirit   .   b - +1 scale mail
rPois    .         Reflect  .   (no helmet)
rElec    .         Harm     .   (no cloak)
rCorr    .         Rampage  .   (no gloves)
Will     .....                  (no boots)
Stlth    ..........             (no amulet)
HPRegen  0.13/turn              (no ring)
MPRegen  0.09/turn              (no ring)

@: no status effects
A: no striking features
a: no special abilities


You were on level 6 of the Dungeon.
You visited 1 branch of the dungeon, and saw 4 of its levels.

You collected 112 gold pieces.

Inventory:

Hand Weapons
 a - a +1 flail (weapon)
Armour
 b - a +1 scale mail (worn)
 c - a +0 kite shield
 j - a +2 kite shield (worn)
Scrolls
 e - 5 scrolls of remove curse
 f - 3 scrolls of identify
 g - 3 scrolls of amnesia
 l - a scroll of fear
 m - a scroll of magic mapping
Potions
 d - a potion of might


   Skills:
 + Level 3.5 Fighting
 + Level 3.5 Maces & Flails
 + Level 3.6 Armour
 + Level 1.2 Dodging
 + Level 3.9 Shields


You had 4 spell levels left.
You didn't know any spells.
Your spell library was empty.

Dungeon Overview and Level Annotations

Branches:
Dungeon (3/15)

Altars:
Kikubaaqudgha
Makhleb
Sif Muna
Xom


Message History

You closely miss the ufetubus.
The centaur shoots an arrow.
The arrow hits you!
The centaur skeleton hits you but does no damage.
The ufetubus hits you. x2; The centaur shoots an arrow.
The arrow hits you.
* * * LOW HITPOINT WARNING * * *
The centaur skeleton barely misses you.
The ufetubus hits you but does no damage. x2
You hit the ufetubus.
The ufetubus is heavily wounded.
The centaur shoots an arrow.
You block the arrow.
You block the centaur skeleton's attack.
The ufetubus hits you.
* * * LOW HITPOINT WARNING * * *
The ufetubus closely misses you.
The centaur shoots an arrow.
The arrow closely misses you. The centaur skeleton hits you.
* * * LOW HITPOINT WARNING * * *
You block the ufetubus's attack. The ufetubus barely misses you.
You sock the ufetubus!
You kill the ufetubus!
The centaur shoots an arrow.
The arrow hits you!
You die...

..... ...# .
...####.#
.........
#........
#........
#Z.c.....
########@.......
#......†........
#...............
#..(.....#####+#
#........#
##########


You could see a centaur and a centaur skeleton.

Vanquished Creatures
  A bullfrog (D:6)
  4 gnolls (D:3)
  2 adders (D:2)
  An ufetubus (D:6)
  A worm (D:2)
  A leopard gecko (D:1)
  A giant cockroach (D:1)
  9 goblins
  2 hobgoblins
  4 jackals (D:2)
  3 kobolds
  7 bats
  4 frilled lizards
  9 rats
49 creatures vanquished.

Notes
Turn   | Place    | Note
-------+----------+-------------------------------------------
     0 | D:1      | kreisler the Human Fighter began the quest for the Orb.
     0 | D:1      | Reached XP level 1. HP: 18/18 MP: 1/1
   116 | D:1      | Reached XP level 2. HP: 24/24 MP: 2/2
   786 | D:2      | Reached XP level 3. HP: 29/29 MP: 3/3
   821 | D:2      | Found a shimmering blue altar of Sif Muna.
  1225 | D:2      | Found a shimmering altar of Xom.
  1240 | D:2      | Reached XP level 4. HP: 34/35 MP: 4/4
  1255 | D:2      | Found a burning altar of Makhleb.
  1300 | D:2      | Found an ancient bone altar of Kikubaaqudgha.
  1612 | D:3      | Reached skill level 1 in Dodging
  1612 | D:3      | Reached XP level 5. HP: 3/41 MP: 5/5
  1930 | D:3      | You fall into a shaft and drop 3 floors!
  1933 | D:6      | Noticed a bullfrog
  1943 | D:6      | Killed a bullfrog
  1945 | D:6      | Noticed a centaur
  1950 | D:6      | HP: 1/41 [centaur skeleton (6)]
  1951 | D:6      | Shot with an arrow by a centaur

Illustrated notes

Levels and vault maps discovered:
D:1:      dpeg_arrival_erosion, layout_rooms
D:2:      layout_basic, minitemple, kiku_gazebo_garden_becter,
          lemuel_crystal_altar, nicolae_underground_beach
D:3:      layout_loops_ring, st_stairs_14, kennysheep_generic_room_12
D:6:      layout_basic, uniq_pikel, uniq_grinder, uniq_sigmund

Skill      XL: |  1  2  3  4 |
---------------+-------------+-----
Maces & Flails | 3 |  3.5
Dodging        | 1 |  1.2
Fighting       | |  3.5
Armour         | |  3.6
Shields        | |  3.9

Action                   |  1- 3 |  4- 6 || total
-------------------------+-------+-------++-------
Melee: Flail             |    94 |    61 ||   155
  Use: Scroll            |     8 |     2 ||    10
       Potion            |     1 |     4 ||     5
Armor: Scale mail        |    54 |    32 ||    86
Dodge: Dodged            |    39 |    23 ||    62
Block: Kite shield       |    54 |    46 ||   100
